 Dungeon Crawl Stone Soup version 0.22-a0-348-gd16d139 (webtiles) character file.

262 b5mith the Sneak (level 5, 0/28 HPs)
             Began as a Spriggan Assassin on Apr 8, 2018.
             Slain by an ice beast (1 damage)
             ... on level 4 of the Dungeon.
             The game lasted 00:13:38 (3860 turns).

b5mith the Sneak (Spriggan Assassin)                Turns: 3860, Time: 00:13:38

Health: 0/28       AC:  2    Str: 10    XL:     5   Next: 97%
Magic:  0/6        EV: 20    Int: 12    God:
Gold:   185        SH:  0    Dex: 18    Spells: 4/4 levels left

rFire    . . .     SeeInvis +   a - +2 dagger
rCold    . . .     Gourm    .   (shield restricted)
rNeg     . . .     Faith    .   c - +0 robe
rPois    .         Spirit   +   (helmet restricted)
rElec    .         Reflect  .   m - scarf {Spirit}
rCorr    .         Harm     .   (gloves unavailable)
MR       .....                  (boots unavailable)
Stlth    ++++......             (no amulet)
HPRegen  0.09/turn              w - +2 ring of strength
MPRegen  0.10/turn              (no ring)

@: very quick
A: very small, unfitting armour, see invisible, herbivore, speed 3, slow
metabolism 2
a: no special abilities


You were on level 4 of the Dungeon.
You were not hungry.

You visited 1 branch of the dungeon, and saw 4 of its levels.

You collected 185 gold pieces.

Inventory:

Hand Weapons
 a - a +2 dagger (weapon)
 b - a +0 blowgun
Missiles
 f - 2 curare-tipped needles
Armour
 c - a +0 robe (worn)
 d - a +0 cloak
 m - a scarf of spirit shield (worn)
   (You found it on level 1 of the Dungeon)
Jewellery
 v - an uncursed amulet of rage
   (You found it on level 2 of the Dungeon)
 w - a +2 ring of strength (left hand)
   (You found it on level 3 of the Dungeon)
Scrolls
 h - 3 scrolls of fog
 j - a scroll of teleportation
 o - 2 scrolls of fear {unknown}
 q - a scroll of remove curse {unknown}
 s - a scroll of magic mapping {unknown}
 t - a scroll of immolation {unknown}
 u - a scroll of enchant armour {unknown}
Potions
 i - 2 potions of mutation {unknown}
 l - a potion of ambrosia {unknown}
 n - 2 potions of haste {unknown}
 p - a potion of curing {@q1}
Comestibles
 g - 4 rations


   Skills:
 + Level 2.9 Fighting
 + Level 3.8 Short Blades
 - Level 2.6 Throwing
 + Level 4.5 Dodging
 + Level 6.9 Stealth


You had 4 spell levels left.
You didn't know any spells.

Dungeon Overview and Level Annotations

Branches:
Dungeon (4/15)
 Temple: D:4-7

Altars:
Trog

Annotations:
D:3 2 transporters


Innate Abilities, Weirdness & Mutations

You are very small and have problems with some larger weapons.
You are too small for most types of armour.
You have supernaturally acute eyesight. (SInv)
You are a herbivore.
You cover ground extremely quickly.
You need to consume almost no food.


Message History

Things that are here:
a leather armour; a hand axe No target in view!
You hit the ice beast.
The ice beast is lightly wounded.
The ice beast barely misses you.
You hit the ice beast.
The ice beast is lightly wounded.
The ice beast misses you.
You hit the ice beast.
The ice beast is lightly wounded.
The ice beast closely misses you.
You hit the ice beast but do no damage.
The ice beast is lightly wounded.
The ice beast misses you.
You hit the ice beast but do no damage.
The ice beast is lightly wounded.
You hit the ice beast but do no damage.
The ice beast is lightly wounded.
The bullfrog skeleton closely misses you.
The ice beast misses you.
The bullfrog skeleton hits you but does no damage.
You closely miss the ice beast.
The ice beast is lightly wounded.
The ice beast hits you. The ice beast freezes you!
The bullfrog skeleton hits you.
You hit the ice beast.
The ice beast is lightly wounded.
The ice beast barely misses you.
The bullfrog skeleton closely misses you.
You hit the ice beast but do no damage.
The ice beast is lightly wounded.
The bullfrog skeleton closely misses you.
The ice beast hits you. The ice beast freezes you!
* * * LOW HITPOINT WARNING * * *
You barely miss the ice beast.
The ice beast is lightly wounded.
The bullfrog skeleton closely misses you.
You hit the ice beast.
The ice beast is moderately wounded.
The ice beast hits you.
* * * LOW HITPOINT WARNING * * *
The ice beast freezes you!
* * * LOW HITPOINT WARNING * * *
The bullfrog skeleton hits you.
* * * LOW HITPOINT WARNING * * *
You closely miss the ice beast.
The ice beast is moderately wounded.
The ice beast hits you.
You die...

######...### ## ##.(.(..(##
...#### ##..###.###
#....###.(####.#
#####.....###...#############
#####§§§.......<.................
#.§Z§§########.............######
.§#####........#Z###########
........########@# #########
######Y##### #..........#
#..........# #..........#
#..........# #..........#
#..........# ############


You could see an ice beast and a bullfrog skeleton.

Vanquished Creatures
  A howler monkey (D:4)
  A hound (D:3)
  An orc priest (D:3)
  An iguana (D:3)
  4 adders
  2 oozes
  A dart slug (D:3)
  5 worms
  4 leopard geckos
  6 orcs
  5 bats
  2 giant cockroaches
  8 goblins
  5 hobgoblins
  4 kobolds
  A quokka (D:3)
  8 frilled lizards
  14 rats
73 creatures vanquished.

Notes
Turn   | Place    | Note
-------+----------+-------------------------------------------
     0 | D:1      | b5mith the Spriggan Assassin began the quest for the Orb.
     0 | D:1      | Reached XP level 1. HP: 10/10 MP: 2/2
   379 | D:1      | Reached skill level 6 in Stealth
   390 | D:1      | Reached XP level 2. HP: 13/15 MP: 3/3
   834 | D:1      | Reached XP level 3. HP: 17/18 MP: 4/4
  1007 | D:2      | Found a bloodstained altar of Trog.
  1523 | D:2      | Reached XP level 4. HP: 18/23 MP: 5/5
  1962 | D:3      | Found a transporter.
  2391 | D:3      | Found a transporter.
  2662 | D:3      | Reached XP level 5. HP: 18/27 MP: 6/6
  3523 | D:4      | Noticed an ice beast
  3859 | D:4      | HP: 1/28 [bullfrog skeleton (3)]
  3860 | D:4      | Slain by an ice beast

Vault maps used:
D:1:      co_arrival_square_in_a_square_in_a_square
D:2:      nicolae_overflow_hidden_temple
D:3:      gammafunk_steamed_eel
D:4:      first_ration, uniq_blork_the_orc, uniq_duvessa

Skill      XL: |  1  2  3  4  5 |
---------------+----------------+-----
Stealth        | 6 |  6.9
Dodging        | 2 3 4 |  4.5
Fighting       | 2 |  2.9
Short Blades   | 3 |  3.8
Throwing       | |  2.6

Action                   |  1- 3 |  4- 6 || total
-------------------------+-------+-------++-------
Melee: Dagger            |   142 |   202 ||   344
 Fire: Blowgun           |     2 |     8 ||    10
  Use: Scroll            |       |     6 ||     6
       Potion            |       |     4 ||     4
 Stab: Sleeping          |    13 |    10 ||    23
  Eat: Ration            |       |     1 ||     1
Armor: Robe              |    12 |    12 ||    24
Dodge: Dodged            |    88 |   169 ||   257

Table legend:
 A = Spawn XP
 B = Non-spawn XP
 C = Spawn XP percentage of total XP
 D = Spawn monster count
 E = Non-spawn monster count
 F = Spawn count percentage of total count
 G = Total turns spent on level
                    A         B        C        D         E        F      G
               +---------+---------+-------+---------+---------+-------+---------
         Total |       0 |     375 |   0.0 |       0 |      73 |   0.0 |  3860
               +---------+---------+-------+---------+---------+-------+---------
           D:1 |       0 |      42 |   0.0 |       0 |      28 |   0.0 |   879
           D:2 |       0 |      74 |   0.0 |       0 |      19 |   0.0 |  1068
           D:3 |       0 |     189 |   0.0 |       0 |      23 |   0.0 |  1660
           D:4 |       0 |      70 |   0.0 |       0 |       3 |   0.0 |   253
               +---------+---------+-------+---------+---------+-------+---------
